 Dungeon Crawl Stone Soup version 0.29.1-1-gd02db6906a (webtiles) character file.

Game seed: 971467201466075159

70 hawla the Firebug (level 4, -4/33 HPs)
             Began as a Meteoran Fire Elementalist on Oct 11, 2022.
             Slain by a gnoll
             ... wielding a +0 spear
              (8 damage)
             ... on level 3 of the Dungeon.
             The game lasted 00:04:40 (964 turns).

hawla the Firebug (Meteoran Fire Elementalist)       Turns: 964, Time: 00:04:41

Health: -4/33      AC:  2    Str:  9    XL:     4   Next: 74%
Magic:  0/10       EV: 13    Int: 18    God:
Gold:   124        SH:  0    Dex: 15    Spells: 3/10 levels left

rFire   . . .      SeeInvis .   (no weapon)
rCold   . . .      Faith    .   (no shield)
rNeg    . . .      Spirit   .   a - +0 robe
rPois   .          Reflect  .   (no helmet)
rElec   .          Harm     .   (no cloak)
rCorr   .          Rampage  .   (no gloves)
Will    .....                   (no boots)
Stlth   +.........              (no amulet)
HPRegen 0.11/turn               (no ring)
MPRegen 0.12/turn               (no ring)

@: glowing
A: sense surroundings 1, otherworldly, glowing, explore regen
a: no special abilities


You were on level 3 of the Dungeon.
You visited 1 branch of the dungeon, and saw 3 of its levels.

You collected 124 gold pieces.

Inventory:

Armour
 a - a +0 robe (worn)
Potions
 b - a potion of magic
 c - 2 potions of curing {unknown}
 d - 2 potions of attraction {unknown}
 e - a potion of brilliance {unknown}
 g - a potion of flight {unknown}
 h - a potion of degeneration {unknown}


   Skills:
 - Level 2.7 Dodging
 - Level 1.4 Stealth
 - Level 3.5 Spellcasting
 + Level 1.9 Conjurations
 + Level 5.0 Fire Magic


You had 3 spell levels left.
You knew the following spells:

 Your Spells              Type           Power      Damage    Failure   Level
a - Foxfire               Conj/Fire      60%        2x1d7     3%          1
b - Scorch                Fire           42%        2d7       3%          2
c - Flame Wave            Conj/Fire      15%        2d7       34%         4

Your spell library contained the following spells:

 Spells                   Type           Power      Damage    Failure   Level
 Conjure Flame            Conj/Fire      15%        6-21      11%         3
 Inner Flame              Hex/Fire       12%        N/A       16%         3


Dungeon Overview and Level Annotations

Branches:
Dungeon (3/15) Zot: 835

Altars:
Gozag


Innate Abilities, Weirdness & Mutations

You passively map a small area around you.
You are easily found by Zot.
You glow in the dark.
You regain HP and MP as you explore.


Message History

The gnoll is severely wounded.
Casting: Scorch (safe; 3% risk of failure)
Confirm with . or Enter, or press ? or * to list all spells.
You conjure some foxfire!
The gnoll hits you with a +0 whip.
Casting: Foxfire (safe; 3% risk of failure)
Confirm with . or Enter, or press ? or * to list all spells.
Flames lash the gnoll.
The gnoll is heavily wounded.
The gnoll's fire resistance burns away.
The foxfire hits the gnoll!
The gnoll is burned terribly!
The gnoll is almost dead.
The gnoll hits you from afar with a +0 halberd.
The gnoll hits you with a +0 whip.
Casting: Scorch (safe; 3% risk of failure)
Confirm with . or Enter, or press ? or * to list all spells.
You conjure some foxfire!
The gnoll is no longer more vulnerable to fire.
The gnoll hits you with a +0 whip.
The gnoll hits you from afar with a +0 halberd!
* * * LOW HITPOINT WARNING * * *
As you read the scroll labelled WIEBRI LISSON, it crumbles to dust.
It is a scroll of enchant weapon.
You aren't carrying any weapons that can be enchanted.
The foxfire hits the gnoll.
You kill the gnoll!
The gnoll misses you.
Your Fire Magic skill increases to level 5!
Casting: Foxfire (safe; 3% risk of failure)
Confirm with . or Enter, or press ? or * to list all spells.
You don't have enough magic to cast this spell.
Casting: Foxfire (safe; 3% risk of failure)
Confirm with . or Enter, or press ? or * to list all spells.
You conjure some foxfire!
The gnoll hits you but does no damage. The gnoll closely misses you.
You hit the gnoll.
The gnoll is severely wounded.
The foxfire hits the gnoll.
The gnoll is severely wounded.
The gnoll hits you from afar with a +0 spear!
You die...

#...# # #######.########### ,
.................##
*#######)########... #.##
##..... * #..## #....## . ##..#
#..#ยง## ...###############
##.###..#... ...........).rg)@#
#.##...####
...#############g######.......#
. , #..............# ,
########.......# * ###.......#
#.....<...### ##.######.....
#..# ######## ####.#####.......


You could see 2 gnolls and a rat.

Vanquished Creatures
  2 gnolls (D:3)
  An adder (D:2)
  4 bats
  4 endoplasms
  3 giant cockroaches
  4 hobgoblins (D:2)
  2 jackals (D:2)
  5 kobolds
  2 quokkas (D:2)
  5 ball pythons
  2 frilled lizards (D:1)
  4 rats
38 creatures vanquished.

Vanquished Creatures (others)
  78 foxfires
78 creatures vanquished.

Grand Total: 116 creatures vanquished

Notes
Turn   | Place    | Note
-------+----------+-------------------------------------------
     0 | D:1      | hawla the Meteoran Fire Elementalist began the quest for
                  | the Orb.
     0 | D:1      | Reached XP level 1. HP: 14/14 MP: 5/5
    58 | D:1      | Reached XP level 2. HP: 20/20 MP: 3/6
    78 | D:1      | Reached skill level 4 in Fire Magic
   178 | D:1      | You fall into a shaft and drop 1 floor!
   219 | D:2      | Learned a level 2 spell: Scorch
   265 | D:2      | Reached XP level 3. HP: 26/26 MP: 4/8
   463 | D:2      | Found a faded altar of an unknown god.
   573 | D:2      | Reached XP level 4. HP: 28/33 MP: 5/10
   580 | D:2      | Learned a level 4 spell: Flame Wave
   629 | D:2      | Found an opulent altar of Gozag.
   963 | D:3      | Reached skill level 5 in Fire Magic
   964 | D:3      | Slain by a gnoll

Illustrated notes

Levels and vault maps discovered:
D:1:      onia_arrival_pentagram, layout_basic, serial_shops,
          nicolae_lakefront_shop, st_stairs_14, hex_intersection
D:2:      layout_loops_ring, basic_altar, hellmonk_ecumenical_altar_slurped_away
D:3:      layout_rooms

Skill      XL: |  1  2  3  4 |
---------------+-------------+-----
Fire Magic     | 4 5 |  5.0
Spellcasting   | 3 |  3.5
Dodging        | |  2.7
Stealth        | |  1.4
Conjurations   | |  1.9

Action                   |  1- 3 |  4- 6 || total
-------------------------+-------+-------++-------
Melee: Unarmed           |     9 |     1 ||    10
 Cast: Foxfire           |    36 |    17 ||    53
       Scorch            |    12 |     5 ||    17
  Use: Scroll            |       |     3 ||     3
Armor: Robe              |    10 |     3 ||    13
Dodge: Dodged            |     6 |    10 ||    16
